 Dungeon Crawl Stone Soup version 0.30.0-29-ga12c61a403 (webtiles) character file.

Game seed: 6398659494335699335

52288 cheesebisquit the Brawler (level 14, -1/144 HPs)
             Began as a Troll Fighter on June 5, 2023.
             Was a High Priest of Wu Jian.
             Slain by an orc sorcerer
             ... wielding a +0 dagger
              (6 damage)
             ... while paralysed by an orc sorcerer
             ... on level 1 of the Orcish Mines.
             The game lasted 01:17:11 (19911 turns).

cheesebisquit the Brawler (Troll Fighter)          Turns: 19911, Time: 01:17:12

Health: -1/144     AC: 11    Str: 37    XL:     14   Next: 26%
Magic:  13/13      EV:  1    Int:  8    God:    Wu Jian [*****.]
Gold:   317        SH:  0    Dex:  9    Spells: 6/13 levels left

rFire   . .          .
                       - Unarmed
rCold   + . .        b - +1 kite shield
rNeg    . . .        P - +0 swamp dragon scales
rPois   +            (helmet restricted)
rElec   .            Z - +1 cloak
rCorr   .            (gloves unavailable)
SInv    +            (boots unavailable)
Will    +....        C - amulet of reflection Stlth
                     l - ring of Ussioppeimo {Drain rC+ Str+4 SInv}
HPRegen 1.24/turn    x - +6 ring of strength
MPRegen 0.13/turn

%: reflection
@: paralysed
A: large, unfitting armour, claws 3, regeneration 1, shaggy fur 1, tough skin 1
a: Renounce Religion, Wall Jump, Serpent's Lash, Heavenly Storm


You were on level 1 of the Orcish Mines.
You worshipped Wu Jian.
Wu Jian was extremely pleased with you.
You visited 4 branches of the dungeon, and saw 19 of its levels.

You collected 1383 gold pieces.
You spent 1066 gold pieces at shops.

Inventory:

Hand Weapons
 j - a +2 dagger of venom
 I - the +11 mace of Integrity {drain, Fragile rF+++ rCorr Dex-5}
   (You found it on level 6 of the Dungeon)

   Dex:       It affects your dexterity (-5).
   rF:        It renders you almost immune to fire.
   rCorr:     It protects you from acid and corrosion.
   Fragile:   It will be destroyed if unequipped.
 T - a +2 giant spiked club of protection
Missiles
 d - 11 datura-tipped darts
 i - 16 large rocks
 m - 8 curare-tipped darts
 n - 11 poisoned darts
 q - 18 boomerangs (quivered)
 v - 3 javelins
 E - 6 silver boomerangs
 L - 7 throwing nets
 X - 6 silver javelins
Armour
 b - a +1 kite shield (worn)
 P - +0 swamp dragon scales (worn)
 Z - a +1 cloak (worn)
Jewellery
 c - a ring of poison resistance
 k - a ring of willpower
 l - the ring of Ussioppeimo (left claw) {Drain rC+ Str+4 SInv}
   (You bought it in a shop on level 8 of the Dungeon)

   [ring of protection from cold]

   Str:       It affects your strength (+4).
   rC:        It protects you from cold.
   SInv:      It lets you see invisible.
   Drain:     It drains your maximum health when unequipped.
 x - a +6 ring of strength (right claw)
 C - an amulet of reflection (around neck)
 G - a +5 ring of evasion
 O - a ring of see invisible
Wands
 a - a wand of paralysis (5)
 w - a wand of roots (22)
 D - a wand of flame (67)
 F - a wand of polymorph (5)
 V - a wand of mindburst (5)
 Y - a wand of digging (3)
Scrolls
 e - 3 scrolls of teleportation
 f - a scroll of butterflies
 h - 2 scrolls of immolation
 z - 2 scrolls of blinking
 A - a scroll of fear
 B - 5 scrolls of fog
 H - 7 scrolls of magic mapping
 J - a scroll of amnesia
 M - a scroll of poison {unknown}
 W - 2 scrolls of vulnerability
Potions
 g - 3 potions of lignification
 o - 4 potions of brilliance
 p - 6 potions of curing
 r - 3 potions of ambrosia
 s - 3 potions of flight
 t - 5 potions of mutation
 y - a potion of cancellation
 K - a potion of attraction
 Q - a potion of magic {unknown}
 R - a potion of experience {unknown}
 U - a potion of berserk rage {unknown}
Miscellaneous
 N - a phial of floods


   Skills:
 + Level 10.5 Fighting
 + Level 7.9 Dodging
 + Level 11.4 Shields
 * Level 16.8 Unarmed Combat


You had 6 spell levels left.
You knew the following spells:

 Your Spells              Type           Power      Damage    Failure   Level
a - Apportation           Tloc           0%         N/A       63%         1
b - Wereblood             Tmut           0%         N/A       77%         2
c - Blink                 Tloc           0%         N/A       77%         2
d - Lesser Beckoning      Tloc           0%         N/A       77%         2

Your spell library contained the following spells:

 Spells                   Type           Power      Damage    Failure   Level
 Beastly Appendage        Tmut           0%         N/A       63%         1
 Kiss of Death            Conj/Necr      0%         2d5       63%         1
 Necrotise                Necr           0%         1d4       63%         1
 Sting                    Tmut/Pois      0%         1d3       63%         1
 Summon Small Mammal      Summ           0%         N/A       63%         1
 Momentum Strike          Conj/Tloc      0%         3d8       77%         2
 Poisonous Vapours        Pois/Air       0%         N/A       77%         2
 Sublimation of Blood     Necr           0%         N/A       77%         2
 Call Canine Familiar     Summ           0%         N/A       94%         3
 Confusing Touch          Hex            0%         N/A       94%         3
 Frozen Ramparts          Ice            0%         1d1       94%         3
 Gell's Gravitas          Tloc           0%         N/A       94%         3
 Portal Projectile        Hex/Tloc       0%         N/A       94%         3
 Spider Form              Tmut/Pois      0%         N/A       94%         3
 Teleport Other           Tloc           0%         N/A       94%         3
 Dispel Undead            Necr           0%         3d6       100%        4
 Ice Form                 Ice/Tmut       0%         N/A       100%        4
 Leda's Liquefaction      Hex/Erth       0%         N/A       100%        4
 Olgreb's Toxic Radiance  Pois           0%         N/A       100%        4
 Summon Ice Beast         Ice/Summ       0%         N/A       100%        4
 Summon Lightning Spire   Summ/Air       0%         N/A       100%        4
 Starburst                Conj/Fire      0%         6d3       100%        6
 Haunt                    Necr/Summ      0%         N/A       100%        7
 Storm Form               Tmut/Air       0%         N/A       100%        7
 Summon Hydra             Summ           0%         N/A       100%        7
 Maxwell's Capacitive Co  Air            0%         ∞         100%        8


Dungeon Overview and Level Annotations

Branches:
Dungeon (12/15)            Temple (1/1) D:7            Lair (5/5) D:8
 Shoals (0/4) Lair:3       Spider (0/4) Lair:3        Slime (0/5) Lair:5
    Orc (1/2) D:11

Altars:
Ashenzari
Cheibriados
Dithmenos
Elyvilon
Fedhas
Gozag
Hepliaklqana
Kikubaaqudgha
Makhleb
Nemelex Xobeh
Okawaru
Qazlal
Ru
Sif Muna
Trog
Uskayaw
Vehumet
Wu Jian
Xom
Yredelemnul
Zin
The Shining One
Jiyva

Shops:
D:7 (   D:8 =   D:9 (   D:10 *

Portals:
Trove: D:12 (give 8 potions of haste)

Annotations:
Lair:3 1 runed translucent door, Luagal's ghost, journeyman DrDe


Innate Abilities, Weirdness & Mutations

You are too large for most types of armour.
You have claws for hands.
Your natural rate of healing is unusually fast.
You are covered in fur. (AC +1)
You have tough skin. (AC +1)


Message History

You block the orange demon's attack. The sun demon hits you.
You are engulfed in flames!
The orc sorcerer hits you with a +0 dagger.
You barely miss the orc sorcerer.
The orc sorcerer is heavily wounded.
You block the orange demon's attack.
You claw the orc sorcerer!
The orc sorcerer is almost dead.
You block the sun demon's attack.
The orc warrior unwields a +0 war axe.
The orc warrior wields a +0 arbalest.
The orc warrior shoots a bolt.
You block the bolt with an invisible shield... and reflect it back!
The bolt barely misses the orc sorcerer.
The bolt hits the orc warrior!
You block the orc sorcerer's attack.
You scratch the orc sorcerer.
The orc sorcerer is almost dead.
You block the sun demon's attack.
The orange demon stings you but does no damage.
You block the orc's attack. The orc sorcerer casts a spell at you.
You suddenly lose the ability to move!
The orc warrior shoots a bolt.
The bolt hits you! The sun demon hits you!
You are engulfed in flames!
The orange demon barely misses you.
The orc sorcerer hits you but does no damage.
The orc hits you with a +0 hand axe. The sun demon hits you.
You are engulfed in flames!!
The orc warrior shoots a bolt.
The bolt hits you. The orange demon stings you from afar!
The orc sorcerer completely misses you. The orc hits you but does no damage.
The sun demon hits you!
* * * LOW HITPOINT WARNING * * *
You are engulfed in flames!
* * * LOW HITPOINT WARNING * * *
The orc warrior shoots a bolt.
The bolt hits you but does no damage.
The orange demon stings you but does no damage.
The sun demon hits you!
* * * LOW HITPOINT WARNING * * *
You are engulfed in flames!
* * * LOW HITPOINT WARNING * * *
The orc sorcerer hits you with a +0 dagger.
You die...

##### ##...# ..## #....#
#.... . ###....# ##.....
...###.#....####...$...
#.........#..#.##.....
#....>@3.#....##..#
#.#..ooo.##.#.....#
#...4..####.....# #
#....... #......## ..
....#...###...##..###..
.....##.........#...#...
.... .#.......##.......
..#. # #.$...####...###
.....####.....#.


You could see a sun demon (summoned), an orange demon (summoned), an orc
sorcerer, an orc warrior and an orc.

Vanquished Creatures
  Kirke (Lair:5)
  Josephine (Lair:5)
  Harold (Lair:1)
  2 hydras
  2 boulder beetles
  2 two-headed ogres
  4 death yaks
  Sonja (Lair:5)
  Urug (D:11)
  A skyshark (Lair:5)
  3 manticores
  4 cyclopes
  2 black mambas
  4 elephants (Lair:5)
  A torpor snail (Lair:3)
  A gargoyle (D:9)
  Joseph (D:7)
  9 cane toads
  Psyche (D:8)
  Maggie (D:7)
  2 tengu conjurers (D:11)
  9 komodo dragons
  A rime drake (Lair:5)
  3 trolls
  7 hornets
  4 tyrant leeches (D:12)
  6 polar bears
  17 blink frogs
  A dream sheep (Lair:5)
  Sigmund (D:3)
  13 spriggans (Lair:5)
  A shadow (D:9)
  4 slime creatures
  5 wraiths
  8 basilisks
  5 vampires
  5 wyverns
  A fire elemental (Lair:5)
  2 steam dragons
  32 yaks
  2 fire bats (Lair:5)
  Grum (D:7)
  Eustachio (D:6)
  Menkaure (D:5)
  2 vampire mosquitoes (D:12)
  3 wargs (D:8)
  13 water moccasins
  3 acid dragons
  The ghost of nroviw the Digger, an amateur OpEE (D:3)
  6 black bears
  5 orc warriors
  30 wolves
  4 boggarts (Lair:5)
  9 ogres
  4 centaurs
  2 phantoms
  5 kobold brigands
  7 bullfrogs
  2 gnoll sergeants
  4 scorpions
  4 wights (D:7)
  7 killer bees
  2 electric eels (Lair:2)
  13 howler monkeys
  7 hounds
  7 orc priests
  Crazy Yiuf (D:3)
  5 gnoll boudas
  6 jellies
  Ijyb (D:3)
  Jessica (D:3)
  Natasha (thrice) (D:3)
  2 iguanas (D:7)
  2 sleepcaps (D:5)
  14 orc wizards
  37 gnolls
  7 adders
  A shadow imp (D:7)
  An ufetubus (D:7)
  3 worms (Lair:3)
  A dart slug (D:1)
  38 orcs
  6 ball pythons
  9 endoplasms
  7 giant cockroaches
  3 goblins
  4 hobgoblins
  24 jackals
  A quokka (D:2)
  8 bats
  4 frilled lizards
  16 kobolds
  6 rats
526 creatures vanquished.

Vanquished Creatures (others)
  An elephant (Lair:5)
  4 humans (Lair:5)
  An orc wizard (D:8)
6 creatures vanquished.

Grand Total: 532 creatures vanquished

Notes
Turn   | Place    | Note
-------+----------+-------------------------------------------
     0 | D:1      | cheesebisquit the Troll Fighter began the quest for the
                  | Orb.
     0 | D:1      | Reached XP level 1. HP: 22/22 MP: 0/0
   251 | D:1      | Reached XP level 2. HP: 29/29 MP: 1/1
   326 | D:1      | Reached XP level 3. HP: 32/36 MP: 2/2
   353 | D:1      | Reached skill level 3 in Unarmed Combat
   830 | D:2      | Reached XP level 4. HP: 42/44 MP: 3/3
   922 | D:2      | Found a faded altar of an unknown god.
   937 | D:2      | Learned a level 1 spell: Apportation
   940 | D:2      | Learned a level 2 spell: Wereblood
   990 | D:2      | Found an opulent altar of Gozag.
  1434 | D:3      | Noticed Jessica
  1439 | D:3      | Killed Jessica
  1511 | D:3      | Found a runed translucent door.
  1517 | D:3      | Noticed nroviw's ghost (amateur OpEE)
  1538 | D:3      | Noticed Sigmund
  1559 | D:3      | Killed Sigmund
  1560 | D:3      | Reached skill level 4 in Unarmed Combat
  1560 | D:3      | Reached XP level 5. HP: 50/53 MP: 4/4
  1560 | D:3      | Reached XP level 6. HP: 58/61 MP: 5/5
  1613 | D:3      | Noticed Natasha
  1622 | D:3      | Killed Natasha
  1685 | D:3      | Noticed Natasha
  1693 | D:3      | Killed Natasha
  1694 | D:3      | Reached skill level 5 in Unarmed Combat
  1724 | D:3      | Noticed Ijyb
  1724 | D:3      | Found the +6 shillelagh "Devastator" {shatter}
  1730 | D:3      | Killed Ijyb
  1766 | D:3      | Noticed Natasha
  1772 | D:3      | Killed Natasha
  1936 | D:3      | Found a faded altar of an unknown god.
  1940 | D:3      | Found a blossoming altar of Fedhas.
  1961 | D:3      | Found a runed translucent door.
  1962 | D:3      | Noticed Crazy Yiuf
  2062 | D:4      | Reached XP level 7. HP: 64/68 MP: 6/6
  2217 | D:4      | Found a radiant altar of Vehumet.
  2228 | D:4      | Found a bloodstained altar of Trog.
  2235 | D:4      | Found a hide-covered altar of Uskayaw.
  2284 | D:4      | Reached skill level 6 in Unarmed Combat
  2791 | D:5      | Entered Level 5 of the Dungeon
  2931 | D:5      | Noticed Menkaure
  2946 | D:5      | Killed Menkaure
  3099 | D:5      | Reached skill level 5 in Shields
  3099 | D:5      | Reached skill level 7 in Unarmed Combat
  3099 | D:5      | Reached XP level 8. HP: 49/79 MP: 7/7
  3362 | D:5      | Found a burning altar of Makhleb.
  3587 | D:5      | Found a hazy altar of Hepliaklqana.
  3775 | D:6      | Noticed Eustachio
  3798 | D:6      | Killed Eustachio
  3850 | D:6      | Reached skill level 5 in Fighting
  4122 | D:6      | Identified the +11 mace of Integrity {drain, Fragile rF+++
                  | rCorr Dex-5}
  4148 | D:7      | Reached skill level 8 in Unarmed Combat
  4235 | D:7      | Noticed Maggie
  4301 | D:7      | Found a staircase to the Ecumenical Temple.
  4316 | Temple   | Entered the Ecumenical Temple
  4463 | Temple   | Became a worshipper of the Wu Jian Council
  4561 | D:7      | Noticed Joseph
  4563 | D:7      | Noticed a troll
  4577 | D:7      | Killed Joseph
  4578 | D:7      | Reached XP level 9. HP: 55/88 MP: 8/8
  4588 | D:7      | Killed a troll
  4589 | D:7      | Reached skill level 9 in Unarmed Combat
  4785 | D:7      | Killed Maggie
  5044 | D:7      | Reached * piety under Wu Jian
  5048 | D:7      | Found Duasifom's Antique Weapon Boutique.
  5162 | D:7      | Found a broken altar of Ashenzari.
  5166 | D:7      | Saw a vision of the Shoals and the Spider Nest.
  5166 | D:7      | Noticed a harpy
  5166 | D:7      | Noticed a wolf spider
  5166 | D:7      | Noticed a merfolk
  5166 | D:7      | Noticed a moth of wrath
  5166 | D:7      | Noticed a demonic crawler
  5166 | D:7      | Noticed a cyclops
  5166 | D:7      | Noticed a merfolk
  5166 | D:7      | Noticed a demonic crawler
  5166 | D:7      | Noticed a wolf spider
  5166 | D:7      | Noticed a boulder beetle
  5850 | D:8      | Noticed Grum
  5869 | D:7      | Reached skill level 10 in Unarmed Combat
  5878 | D:7      | Killed Grum
  6066 | D:8      | Learned a level 2 spell: Blink
  6069 | D:8      | Learned a level 2 spell: Lesser Beckoning
  6126 | D:8      | Noticed Psyche
  6134 | D:8      | Killed Psyche
  6177 | D:8      | Found Dutodev's Jewellery Boutique.
  6203 | D:8      | Noticed a cyclops
  6212 | D:8      | Reached XP level 10. HP: 100/100 MP: 9/9
  6216 | D:8      | Killed a cyclops
  6322 | D:8      | Found a staircase to the Lair.
  6382 | D:8      | Reached skill level 11 in Unarmed Combat
  6497 | D:8      | Noticed a cyclops
  6523 | D:8      | Killed a cyclops
  6639 | D:8      | Reached ** piety under Wu Jian
  7294 | D:8      | Noticed a cyclops
  7302 | D:8      | Killed a cyclops
  7303 | D:8      | Reached skill level 12 in Unarmed Combat
  7653 | D:9      | Reached XP level 11. HP: 69/109 MP: 10/10
  7767 | D:9      | Reached *** piety under Wu Jian
  7947 | D:9      | Found Fuopy's Weapon Emporium.
  8255 | D:9      | Noticed a two-headed ogre
  8263 | D:9      | Killed a two-headed ogre
  8557 | D:10     | Entered Level 10 of the Dungeon
  8736 | D:10     | Noticed a boulder beetle
  8769 | D:10     | Killed a boulder beetle
  8770 | D:10     | Reached skill level 13 in Unarmed Combat
  8908 | D:10     | Noticed a two-headed ogre
  8917 | D:10     | Killed a two-headed ogre
  9352 | D:10     | Found Qeyfad's General Store.
  9355 | D:10     | Bought 6 silver boomerangs for 468 gold pieces
  9355 | D:10     | Bought a potion of might for 52 gold pieces
  9677 | D:11     | Found a staircase to the Orcish Mines.
  9725 | D:11     | Reached **** piety under Wu Jian
  9880 | D:11     | Noticed Urug
 10229 | D:11     | Got the Incunable of Limitation
 10489 | D:11     | Reached XP level 12. HP: 111/122 MP: 11/11
 10855 | D:12     | Reached skill level 5 in Dodging
 10999 | D:12     | Found the +8 Vampire's Tooth {megavamp}
 11034 | D:12     | Identified the +10 war axe of Purpose {freeze, Fly rC+
                  | rCorr}
 11041 | D:12     | Reached skill level 14 in Unarmed Combat
 11282 | D:12     | Found a portal to a secret trove of treasure.
 11436 | D:11     | Killed Urug
 11618 | D:3      | Killed nroviw's ghost
 11665 | D:3      | Killed Crazy Yiuf
 11866 | D:8      | Found Dutodev's Jewellery Boutique.
 12628 | Lair:1   | Entered Level 1 of the Lair of Beasts
 12669 | Lair:1   | Noticed a seven-headed hydra
 12674 | Lair:1   | Killed a nine-headed hydra
 13002 | Lair:1   | Reached skill level 10 in Shields
 13006 | Lair:1   | Noticed Harold
 13016 | Lair:1   | Killed Harold
 14036 | Lair:2   | Reached skill level 15 in Unarmed Combat
 14110 | Lair:2   | Noticed a boulder beetle
 14144 | Lair:2   | Killed a boulder beetle
 14145 | Lair:2   | Reached XP level 13. HP: 112/131 MP: 12/12
 15303 | Lair:2   | Reached ***** piety under Wu Jian
 16088 | Lair:3   | Found a staircase to the Shoals.
 16527 | Lair:3   | Found a hole to the Spider Nest.
 16631 | Lair:3   | Found a runed translucent door.
 16633 | Lair:3   | Noticed Luagal's ghost (journeyman DrDe)
 17994 | Lair:5   | Entered Level 5 of the Lair of Beasts
 17994 | Lair:5   | Noticed Kirke
 18006 | Lair:5   | Killed Kirke
 18029 | Lair:5   | Reached skill level 10 in Fighting
 18119 | Lair:5   | Reached skill level 16 in Unarmed Combat
 18323 | Lair:5   | Found a viscous altar of Jiyva.
 18323 | Lair:5   | Found a staircase to the Slime Pits.
 18426 | Lair:5   | Noticed Sonja
 18446 | Lair:5   | Killed Sonja
 18461 | Lair:5   | Noticed Josephine
 18608 | Lair:5   | Killed Josephine
 18847 | Lair:5   | Reached XP level 14. HP: 142/142 MP: 13/13
 19265 | Lair:5   | Identified the +0 chain mail of the Jackalope {Harm rF- rC+
                  | MP+9}
 19719 | D:8      | Bought the ring of Ussioppeimo {Drain rC+ Str+4 SInv} for
                  | 546 gold pieces
 19803 | Orc:1    | Entered Level 1 of the Orcish Mines
 19908 | Orc:1    | Paralysed by an orc sorcerer for 5 turns
 19911 | Orc:1    | HP: 5/144 [sun demon[an orc sorcerer] (11)]
 19911 | Orc:1    | Slain by an orc sorcerer

Illustrated notes

Levels and vault maps discovered:
D:1:      lightli_arrival_boilingwater, layout_basic
D:2:      layout_basic, basic_altar, ebering_ecumenical_altar_sacrificial,
          dreamdust_princess_corridor
D:3:      layout_rooms, nicolae_overflow_ecumenical_swirl,
          ebering_ghost_reflecting_pool, uniq_ijyb, uniq_natasha, uniq_jessica,
          uniq_sigmund, uniq_crazy_yiuf_cottage
D:4:      layout_basic, minitemple
D:5:      layout_cave_pods, nicolae_hepliaklqana_hippocampus,
          mainiacjoe_overflow_cross_hatched, uniq_menkaure
D:6:      layout_basic, lightli_orcish_oven, uniq_eustachio
D:7:      layout_loops_ring, grunt_ashenzari_visionary
          [grunt_ashenzari_visionary_shoals, grunt_ashenzari_visionary_spider],
          minmay_temple_entry_offerings, serial_co_window_serial,
          co_window_corner_a, co_window_corner_a, co_window_corner_a,
          co_window_paths_b, co_window_paths_a, co_window_cross_2,
          co_window_paths_c, co_window_of_opportunity_b, co_window_paths_c,
          co_window_paths_e, glass_columns_b, glass_columns_c, glass_columns_a,
          glass_columns_b, glass_columns_a, serial_shops,
          nicolae_shop_real_fake_doors, uniq_joseph, uniq_maggie
D:8:      lemuel_castle_with_subvaults [lemuel_castle_interior_original],
          layout_loops_ring, erik_lair_orcish_takeover, serial_shops,
          shop_coins, uniq_grum, uniq_psyche
D:9:      layout_loops_ring, serial_shops, nicolae_shop_bloodbath_and_beyond,
          bh_walls_and_bars
D:10:     layout_loops_ring, serial_shops, nicolae_shop_tiny_real_fake_doors,
          kennysheep_small_circle
D:11:     layout_grid_maze, david_orc_2, st_stairs_10, uniq_urug
D:12:     layout_gridville, enter_trove_3, minmay_guarded_unrand_vampires_tooth
Temple:   nicolae_temple_superstar
Lair:1:   layout_big_grid, uniq_harold
Lair:2:   layout_regular_city, pdpol_lair_cavern_descent, grunt_megastairs_4,
          serial_bayou_shore_b
Lair:3:   layout_roguey, shoals_dummy_entry, nicolae_spider_entry_non_spiders,
          ebering_ghost_inner_flame
Lair:4:   layout_hall_layers
Lair:5:   minmay_lair_end_enchanted_forest, layout_gridlike,
          minmay_slime_entry_pillars, kennysheep_basilisk_garden,
          uniq_josephine, uniq_kirke, uniq_sonja
Orc:1:    layout_diamond_mine, uniq_jorgrun

Skill      XL: |  1  2  3  4  5  6  7  8  9 10 11 12 13 |
---------------+----------------------------------------+-----
Shields        | 3 4 5 6 7 8 9 10 11 | 11.4
Unarmed Combat | 3 4 5 7 8 10 12 13 15 16 | 16.8
Fighting       | 3 4 5 6 7 8 9 10 | 10.5
Dodging        | 4 6 7 |  7.9

Action                     |  1- 3 |  4- 6 |  7- 9 | 10-12 | 13-15 || total
---------------------------+-------+-------+-------+-------+-------++-------
  Melee: Unarmed           |   117 |    99 |   265 |   765 |   531 ||  1777
  Throw: Dart              |       |     1 |    10 |    47 |    11 ||    69
         Boomerang         |       |       |     2 |    13 |    14 ||    29
 Invoke: Serpent's Lash    |       |       |       |     3 |     3 ||     6
Ability: Lunge             |       |       |    13 |    51 |    41 ||   105
         Whirlwind         |       |       |       |    11 |    11 ||    22
  Evoke: Wand              |       |       |     1 |       |       ||     1
    Use: Potion            |       |     1 |     5 |     3 |     5 ||    14
         Scroll            |       |       |    17 |     6 |     9 ||    32
   Stab: Invisible         |       |       |       |       |     7 ||     7
 Armour: Robe              |    42 |    21 |    30 |       |       ||    93
         Swamp dragon scal |       |       |    11 |   119 |   101 ||   231
         Steam dragon scal |       |       |     4 |       |       ||     4
  Dodge: Dodged            |    35 |    34 |    73 |   135 |   128 ||   405
  Block: Kite shield       |    37 |    16 |   183 |   406 |   322 ||   964
         Reflection        |       |       |    11 |    16 |     5 ||    32
